%YAML 1.1
%TAG !u! tag:unity3d.com,2011:
--- !u!29 &1
OcclusionCullingSettings:
  m_ObjectHideFlags: 0
  serializedVersion: 2
  m_OcclusionBakeSettings:
    smallestOccluder: 5
    smallestHole: 0.25
    backfaceThreshold: 100
  m_SceneGUID: 00000000000000000000000000000000
  m_OcclusionCullingData: {fileID: 0}
--- !u!104 &2
RenderSettings:
  m_ObjectHideFlags: 0
  serializedVersion: 9
  m_Fog: 0
  m_FogColor: {r: 0.5, g: 0.5, b: 0.5, a: 1}
  m_FogMode: 3
  m_FogDensity: 0.01
  m_LinearFogStart: 0
  m_LinearFogEnd: 300
  m_AmbientSkyColor: {r: 0.63897294, g: 0.6832947, b: 0.7830189, a: 1}
  m_AmbientEquatorColor: {r: 0.114, g: 0.125, b: 0.133, a: 1}
  m_AmbientGroundColor: {r: 0.047, g: 0.043, b: 0.035, a: 1}
  m_AmbientIntensity: 0.5
  m_AmbientMode: 3
  m_SubtractiveShadowColor: {r: 0.42, g: 0.478, b: 0.627, a: 1}
  m_SkyboxMaterial: {fileID: 10304, guid: 0000000000000000f000000000000000, type: 0}
  m_HaloStrength: 0.5
  m_FlareStrength: 1
  m_FlareFadeSpeed: 3
  m_HaloTexture: {fileID: 0}
  m_SpotCookie: {fileID: 10001, guid: 0000000000000000e000000000000000, type: 0}
  m_DefaultReflectionMode: 0
  m_DefaultReflectionResolution: 128
  m_ReflectionBounces: 1
  m_ReflectionIntensity: 1
  m_CustomReflection: {fileID: 0}
  m_Sun: {fileID: 0}
  m_IndirectSpecularColor: {r: 0, g: 0, b: 0, a: 1}
  m_UseRadianceAmbientProbe: 0
--- !u!157 &3
LightmapSettings:
  m_ObjectHideFlags: 0
  serializedVersion: 11
  m_GIWorkflowMode: 1
  m_GISettings:
    serializedVersion: 2
    m_BounceScale: 1
    m_IndirectOutputScale: 1
    m_AlbedoBoost: 1
    m_EnvironmentLightingMode: 0
    m_EnableBakedLightmaps: 1
    m_EnableRealtimeLightmaps: 0
  m_LightmapEditorSettings:
    serializedVersion: 12
    m_Resolution: 2
    m_BakeResolution: 40
    m_AtlasSize: 512
    m_AO: 0
    m_AOMaxDistance: 1
    m_CompAOExponent: 1
    m_CompAOExponentDirect: 0
    m_ExtractAmbientOcclusion: 0
    m_Padding: 2
    m_LightmapParameters: {fileID: 0}
    m_LightmapsBakeMode: 1
    m_TextureCompression: 1
    m_FinalGather: 0
    m_FinalGatherFiltering: 1
    m_FinalGatherRayCount: 256
    m_ReflectionCompression: 2
    m_MixedBakeMode: 1
    m_BakeBackend: 2
    m_PVRSampling: 1
    m_PVRDirectSampleCount: 32
    m_PVRSampleCount: 512
    m_PVRBounces: 2
    m_PVREnvironmentSampleCount: 256
    m_PVREnvironmentReferencePointCount: 2048
    m_PVRFilteringMode: 1
    m_PVRDenoiserTypeDirect: 1
    m_PVRDenoiserTypeIndirect: 1
    m_PVRDenoiserTypeAO: 1
    m_PVRFilterTypeDirect: 0
    m_PVRFilterTypeIndirect: 0
    m_PVRFilterTypeAO: 0
    m_PVREnvironmentMIS: 1
    m_PVRCulling: 1
    m_PVRFilteringGaussRadiusDirect: 1
    m_PVRFilteringGaussRadiusIndirect: 5
    m_PVRFilteringGaussRadiusAO: 2
    m_PVRFilteringAtrousPositionSigmaDirect: 0.5
    m_PVRFilteringAtrousPositionSigmaIndirect: 2
    m_PVRFilteringAtrousPositionSigmaAO: 1
    m_ExportTrainingData: 0
    m_TrainingDataDestination: TrainingData
    m_LightProbeSampleCountMultiplier: 4
  m_LightingDataAsset: {fileID: 0}
  m_UseShadowmask: 0
--- !u!196 &4
NavMeshSettings:
  serializedVersion: 2
  m_ObjectHideFlags: 0
  m_BuildSettings:
    serializedVersion: 2
    agentTypeID: 0
    agentRadius: 0.5
    agentHeight: 2
    agentSlope: 45
    agentClimb: 0.4
    ledgeDropHeight: 0
    maxJumpAcrossDistance: 0
    minRegionArea: 2
    manualCellSize: 0
    cellSize: 0.16666667
    manualTileSize: 0
    tileSize: 256
    accuratePlacement: 0
    debug:
      m_Flags: 0
  m_NavMeshData: {fileID: 0}
--- !u!4 &68226049 stripped
Transform:
  m_CorrespondingSourceObject: {fileID: 5972605855141110688, guid: 2e422d3596fda384398d46d2ca1d165c,
    type: 3}
  m_PrefabInstance: {fileID: 1090745815}
  m_PrefabAsset: {fileID: 0}
--- !u!1001 &204983203
PrefabInstance:
  m_ObjectHideFlags: 0
  serializedVersion: 2
  m_Modification:
    m_TransformParent: {fileID: 0}
    m_Modifications:
    - target: {fileID: 3067474917008207949, guid: 630575a74b6aac54d909d869bdb33b73,
        type: 3}
      propertyPath: m_Name
      value: Global Volume
      objectReference: {fileID: 0}
    - target: {fileID: 3067474917008207949, guid: 630575a74b6aac54d909d869bdb33b73,
        type: 3}
      propertyPath: m_IsActive
      value: 1
      objectReference: {fileID: 0}
    - target: {fileID: 3067474917008207949, guid: 630575a74b6aac54d909d869bdb33b73,
        type: 3}
      propertyPath: m_TagString
      value: GlobalControl
      objectReference: {fileID: 0}
    - target: {fileID: 3067474917008207951, guid: 630575a74b6aac54d909d869bdb33b73,
        type: 3}
      propertyPath: m_LocalPosition.x
      value: 48.565216
      objectReference: {fileID: 0}
    - target: {fileID: 3067474917008207951, guid: 630575a74b6aac54d909d869bdb33b73,
        type: 3}
      propertyPath: m_LocalPosition.y
      value: 6.741478
      objectReference: {fileID: 0}
    - target: {fileID: 3067474917008207951, guid: 630575a74b6aac54d909d869bdb33b73,
        type: 3}
      propertyPath: m_LocalPosition.z
      value: 80.52488
      objectReference: {fileID: 0}
    - target: {fileID: 3067474917008207951, guid: 630575a74b6aac54d909d869bdb33b73,
        type: 3}
      propertyPath: m_LocalRotation.x
      value: -0
      objectReference: {fileID: 0}
    - target: {fileID: 3067474917008207951, guid: 630575a74b6aac54d909d869bdb33b73,
        type: 3}
      propertyPath: m_LocalRotation.y
      value: -0
      objectReference: {fileID: 0}
    - target: {fileID: 3067474917008207951, guid: 630575a74b6aac54d909d869bdb33b73,
        type: 3}
      propertyPath: m_LocalRotation.z
      value: -0
      objectReference: {fileID: 0}
    - target: {fileID: 3067474917008207951, guid: 630575a74b6aac54d909d869bdb33b73,
        type: 3}
      propertyPath: m_LocalRotation.w
      value: 1
      objectReference: {fileID: 0}
    - target: {fileID: 3067474917008207951, guid: 630575a74b6aac54d909d869bdb33b73,
        type: 3}
      propertyPath: m_RootOrder
      value: 8
      objectReference: {fileID: 0}
    - target: {fileID: 3067474917008207951, guid: 630575a74b6aac54d909d869bdb33b73,
        type: 3}
      propertyPath: m_LocalEulerAnglesHint.x
      value: 0
      objectReference: {fileID: 0}
    - target: {fileID: 3067474917008207951, guid: 630575a74b6aac54d909d869bdb33b73,
        type: 3}
      propertyPath: m_LocalEulerAnglesHint.y
      value: 0
      objectReference: {fileID: 0}
    - target: {fileID: 3067474917008207951, guid: 630575a74b6aac54d909d869bdb33b73,
        type: 3}
      propertyPath: m_LocalEulerAnglesHint.z
      value: 0
      objectReference: {fileID: 0}
    m_RemovedComponents: []
  m_SourcePrefab: {fileID: 100100000, guid: 630575a74b6aac54d909d869bdb33b73, type: 3}
--- !u!1001 &230296936
PrefabInstance:
  m_ObjectHideFlags: 0
  serializedVersion: 2
  m_Modification:
    m_TransformParent: {fileID: 0}
    m_Modifications:
    - target: {fileID: 7363993392328664116, guid: e3e02ed232219ab4da7617fd6df2654e,
        type: 3}
      propertyPath: m_LocalPosition.x
      value: 439.375
      objectReference: {fileID: 0}
    - target: {fileID: 7363993392328664116, guid: e3e02ed232219ab4da7617fd6df2654e,
        type: 3}
      propertyPath: m_LocalPosition.y
      value: 283
      objectReference: {fileID: 0}
    - target: {fileID: 7363993392328664116, guid: e3e02ed232219ab4da7617fd6df2654e,
        type: 3}
      propertyPath: m_LocalPosition.z
      value: 0
      objectReference: {fileID: 0}
    - target: {fileID: 7363993392328664116, guid: e3e02ed232219ab4da7617fd6df2654e,
        type: 3}
      propertyPath: m_LocalRotation.x
      value: 0
      objectReference: {fileID: 0}
    - target: {fileID: 7363993392328664116, guid: e3e02ed232219ab4da7617fd6df2654e,
        type: 3}
      propertyPath: m_LocalRotation.y
      value: 0
      objectReference: {fileID: 0}
    - target: {fileID: 7363993392328664116, guid: e3e02ed232219ab4da7617fd6df2654e,
        type: 3}
      propertyPath: m_LocalRotation.z
      value: 0
      objectReference: {fileID: 0}
    - target: {fileID: 7363993392328664116, guid: e3e02ed232219ab4da7617fd6df2654e,
        type: 3}
      propertyPath: m_LocalRotation.w
      value: 1
      objectReference: {fileID: 0}
    - target: {fileID: 7363993392328664116, guid: e3e02ed232219ab4da7617fd6df2654e,
        type: 3}
      propertyPath: m_RootOrder
      value: 0
      objectReference: {fileID: 0}
    - target: {fileID: 7363993392328664116, guid: e3e02ed232219ab4da7617fd6df2654e,
        type: 3}
      propertyPath: m_LocalEulerAnglesHint.x
      value: 0
      objectReference: {fileID: 0}
    - target: {fileID: 7363993392328664116, guid: e3e02ed232219ab4da7617fd6df2654e,
        type: 3}
      propertyPath: m_LocalEulerAnglesHint.y
      value: 0
      objectReference: {fileID: 0}
    - target: {fileID: 7363993392328664116, guid: e3e02ed232219ab4da7617fd6df2654e,
        type: 3}
      propertyPath: m_LocalEulerAnglesHint.z
      value: 0
      objectReference: {fileID: 0}
    - target: {fileID: 7363993392328664118, guid: e3e02ed232219ab4da7617fd6df2654e,
        type: 3}
      propertyPath: m_Name
      value: LevelChanger
      objectReference: {fileID: 0}
    m_RemovedComponents: []
  m_SourcePrefab: {fileID: 100100000, guid: e3e02ed232219ab4da7617fd6df2654e, type: 3}
--- !u!114 &230296937 stripped
MonoBehaviour:
  m_CorrespondingSourceObject: {fileID: 7363993392328664117, guid: e3e02ed232219ab4da7617fd6df2654e,
    type: 3}
  m_PrefabInstance: {fileID: 230296936}
  m_PrefabAsset: {fileID: 0}
  m_GameObject: {fileID: 0}
  m_Enabled: 1
  m_EditorHideFlags: 0
  m_Script: {fileID: 11500000, guid: 8022ed4150bae5449b740bff7f6bd24e, type: 3}
  m_Name: 
  m_EditorClassIdentifier: 
--- !u!1 &278599850
GameObject:
  m_ObjectHideFlags: 0
  m_CorrespondingSourceObject: {fileID: 0}
  m_PrefabInstance: {fileID: 0}
  m_PrefabAsset: {fileID: 0}
  serializedVersion: 6
  m_Component:
  - component: {fileID: 278599852}
  - component: {fileID: 278599851}
  m_Layer: 0
  m_Name: Directional Light
  m_TagString: Untagged
  m_Icon: {fileID: 0}
  m_NavMeshLayer: 0
  m_StaticEditorFlags: 0
  m_IsActive: 1
--- !u!108 &278599851
Light:
  m_ObjectHideFlags: 0
  m_CorrespondingSourceObject: {fileID: 0}
  m_PrefabInstance: {fileID: 0}
  m_PrefabAsset: {fileID: 0}
  m_GameObject: {fileID: 278599850}
  m_Enabled: 1
  serializedVersion: 10
  m_Type: 1
  m_Shape: 0
  m_Color: {r: 0.9716981, g: 0.92762136, b: 0.79294235, a: 1}
  m_Intensity: 1.2
  m_Range: 10
  m_SpotAngle: 30
  m_InnerSpotAngle: 21.80208
  m_CookieSize: 10
  m_Shadows:
    m_Type: 2
    m_Resolution: -1
    m_CustomResolution: -1
    m_Strength: 1
    m_Bias: 0.05
    m_NormalBias: 0.4
    m_NearPlane: 0.2
    m_CullingMatrixOverride:
      e00: 1
      e01: 0
      e02: 0
      e03: 0
      e10: 0
      e11: 1
      e12: 0
      e13: 0
      e20: 0
      e21: 0
      e22: 1
      e23: 0
      e30: 0
      e31: 0
      e32: 0
      e33: 1
    m_UseCullingMatrixOverride: 0
  m_Cookie: {fileID: 0}
  m_DrawHalo: 0
  m_Flare: {fileID: 0}
  m_RenderMode: 0
  m_CullingMask:
    serializedVersion: 2
    m_Bits: 4294967295
  m_RenderingLayerMask: 1
  m_Lightmapping: 4
  m_LightShadowCasterMode: 0
  m_AreaSize: {x: 1, y: 1}
  m_BounceIntensity: 1
  m_ColorTemperature: 6570
  m_UseColorTemperature: 0
  m_BoundingSphereOverride: {x: 0, y: 0, z: 0, w: 0}
  m_UseBoundingSphereOverride: 0
  m_ShadowRadius: 0
  m_ShadowAngle: 0
--- !u!4 &278599852
Transform:
  m_ObjectHideFlags: 0
  m_CorrespondingSourceObject: {fileID: 0}
  m_PrefabInstance: {fileID: 0}
  m_PrefabAsset: {fileID: 0}
  m_GameObject: {fileID: 278599850}
  m_LocalRotation: {x: 0.7071068, y: 0, z: 0, w: 0.7071068}
  m_LocalPosition: {x: -13.433142, y: 59.1, z: 34.2}
  m_LocalScale: {x: 1, y: 1, z: 1}
  m_Children: []
  m_Father: {fileID: 0}
  m_RootOrder: 7
  m_LocalEulerAnglesHint: {x: 90, y: 0, z: 0}
--- !u!1 &378626105 stripped
GameObject:
  m_CorrespondingSourceObject: {fileID: 7363993392474681239, guid: e3e02ed232219ab4da7617fd6df2654e,
    type: 3}
  m_PrefabInstance: {fileID: 230296936}
  m_PrefabAsset: {fileID: 0}
--- !u!1 &480430320
GameObject:
  m_ObjectHideFlags: 0
  m_CorrespondingSourceObject: {fileID: 0}
  m_PrefabInstance: {fileID: 0}
  m_PrefabAsset: {fileID: 0}
  serializedVersion: 6
  m_Component:
  - component: {fileID: 480430321}
  m_Layer: 0
  m_Name: GameObject
  m_TagString: Doors
  m_Icon: {fileID: 0}
  m_NavMeshLayer: 0
  m_StaticEditorFlags: 0
  m_IsActive: 1
--- !u!4 &480430321
Transform:
  m_ObjectHideFlags: 0
  m_CorrespondingSourceObject: {fileID: 0}
  m_PrefabInstance: {fileID: 0}
  m_PrefabAsset: {fileID: 0}
  m_GameObject: {fileID: 480430320}
  m_LocalRotation: {x: 0, y: 0, z: 0, w: 1}
  m_LocalPosition: {x: -0, y: 0, z: 5.3}
  m_LocalScale: {x: 1, y: 1, z: 1}
  m_Children: []
  m_Father: {fileID: 601624186}
  m_RootOrder: 0
  m_LocalEulerAnglesHint: {x: 0, y: 0, z: 0}
--- !u!1001 &484846252
PrefabInstance:
  m_ObjectHideFlags: 0
  serializedVersion: 2
  m_Modification:
    m_TransformParent: {fileID: 0}
    m_Modifications:
    - target: {fileID: 2726462715976788189, guid: 1d1753e4e5266614ba310b3ef80d78bf,
        type: 3}
      propertyPath: m_LocalPosition.x
      value: 23.349983
      objectReference: {fileID: 0}
    - target: {fileID: 2726462715976788189, guid: 1d1753e4e5266614ba310b3ef80d78bf,
        type: 3}
      propertyPath: m_LocalPosition.y
      value: -5.828272
      objectReference: {fileID: 0}
    - target: {fileID: 2726462715976788189, guid: 1d1753e4e5266614ba310b3ef80d78bf,
        type: 3}
      propertyPath: m_LocalPosition.z
      value: 5.0119123
      objectReference: {fileID: 0}
    - target: {fileID: 2726462715976788189, guid: 1d1753e4e5266614ba310b3ef80d78bf,
        type: 3}
      propertyPath: m_LocalRotation.x
      value: 0
      objectReference: {fileID: 0}
    - target: {fileID: 2726462715976788189, guid: 1d1753e4e5266614ba310b3ef80d78bf,
        type: 3}
      propertyPath: m_LocalRotation.y
      value: 0
      objectReference: {fileID: 0}
    - target: {fileID: 2726462715976788189, guid: 1d1753e4e5266614ba310b3ef80d78bf,
        type: 3}
      propertyPath: m_LocalRotation.z
      value: 0
      objectReference: {fileID: 0}
    - target: {fileID: 2726462715976788189, guid: 1d1753e4e5266614ba310b3ef80d78bf,
        type: 3}
      propertyPath: m_LocalRotation.w
      value: 1
      objectReference: {fileID: 0}
    - target: {fileID: 2726462715976788189, guid: 1d1753e4e5266614ba310b3ef80d78bf,
        type: 3}
      propertyPath: m_RootOrder
      value: 9
      objectReference: {fileID: 0}
    - target: {fileID: 2726462715976788189, guid: 1d1753e4e5266614ba310b3ef80d78bf,
        type: 3}
      propertyPath: m_LocalEulerAnglesHint.x
      value: 0
      objectReference: {fileID: 0}
    - target: {fileID: 2726462715976788189, guid: 1d1753e4e5266614ba310b3ef80d78bf,
        type: 3}
      propertyPath: m_LocalEulerAnglesHint.y
      value: 0
      objectReference: {fileID: 0}
    - target: {fileID: 2726462715976788189, guid: 1d1753e4e5266614ba310b3ef80d78bf,
        type: 3}
      propertyPath: m_LocalEulerAnglesHint.z
      value: 0
      objectReference: {fileID: 0}
    - target: {fileID: 2726462715976788191, guid: 1d1753e4e5266614ba310b3ef80d78bf,
        type: 3}
      propertyPath: m_Name
      value: GameManager
      objectReference: {fileID: 0}
    m_RemovedComponents: []
  m_SourcePrefab: {fileID: 100100000, guid: 1d1753e4e5266614ba310b3ef80d78bf, type: 3}
--- !u!1 &508980260 stripped
GameObject:
  m_CorrespondingSourceObject: {fileID: 7363993390719257057, guid: e3e02ed232219ab4da7617fd6df2654e,
    type: 3}
  m_PrefabInstance: {fileID: 230296936}
  m_PrefabAsset: {fileID: 0}
--- !u!1 &553754634 stripped
GameObject:
  m_CorrespondingSourceObject: {fileID: 7363993392661535549, guid: e3e02ed232219ab4da7617fd6df2654e,
    type: 3}
  m_PrefabInstance: {fileID: 230296936}
  m_PrefabAsset: {fileID: 0}
--- !u!1001 &565535039
PrefabInstance:
  m_ObjectHideFlags: 0
  serializedVersion: 2
  m_Modification:
    m_TransformParent: {fileID: 0}
    m_Modifications:
    - target: {fileID: 3579031013831998350, guid: ce2ef175327e7b24ab95fd55a821e1ef,
        type: 3}
      propertyPath: m_Name
      value: FallCollider
      objectReference: {fileID: 0}
    - target: {fileID: 3579031013831998449, guid: ce2ef175327e7b24ab95fd55a821e1ef,
        type: 3}
      propertyPath: animator
      value: 
      objectReference: {fileID: 1127569043}
    - target: {fileID: 3579031013831998450, guid: ce2ef175327e7b24ab95fd55a821e1ef,
        type: 3}
      propertyPath: m_LocalPosition.x
      value: 24.5
      objectReference: {fileID: 0}
    - target: {fileID: 3579031013831998450, guid: ce2ef175327e7b24ab95fd55a821e1ef,
        type: 3}
      propertyPath: m_LocalPosition.y
      value: 20.906
      objectReference: {fileID: 0}
    - target: {fileID: 3579031013831998450, guid: ce2ef175327e7b24ab95fd55a821e1ef,
        type: 3}
      propertyPath: m_LocalPosition.z
      value: -11.6
      objectReference: {fileID: 0}
    - target: {fileID: 3579031013831998450, guid: ce2ef175327e7b24ab95fd55a821e1ef,
        type: 3}
      propertyPath: m_LocalRotation.x
      value: 0
      objectReference: {fileID: 0}
    - target: {fileID: 3579031013831998450, guid: ce2ef175327e7b24ab95fd55a821e1ef,
        type: 3}
      propertyPath: m_LocalRotation.y
      value: 0
      objectReference: {fileID: 0}
    - target: {fileID: 3579031013831998450, guid: ce2ef175327e7b24ab95fd55a821e1ef,
        type: 3}
      propertyPath: m_LocalRotation.z
      value: 0
      objectReference: {fileID: 0}
    - target: {fileID: 3579031013831998450, guid: ce2ef175327e7b24ab95fd55a821e1ef,
        type: 3}
      propertyPath: m_LocalRotation.w
      value: 1
      objectReference: {fileID: 0}
    - target: {fileID: 3579031013831998450, guid: ce2ef175327e7b24ab95fd55a821e1ef,
        type: 3}
      propertyPath: m_RootOrder
      value: 6
      objectReference: {fileID: 0}
    - target: {fileID: 3579031013831998450, guid: ce2ef175327e7b24ab95fd55a821e1ef,
        type: 3}
      propertyPath: m_LocalEulerAnglesHint.x
      value: 0
      objectReference: {fileID: 0}
    - target: {fileID: 3579031013831998450, guid: ce2ef175327e7b24ab95fd55a821e1ef,
        type: 3}
      propertyPath: m_LocalEulerAnglesHint.y
      value: 0
      objectReference: {fileID: 0}
    - target: {fileID: 3579031013831998450, guid: ce2ef175327e7b24ab95fd55a821e1ef,
        type: 3}
      propertyPath: m_LocalEulerAnglesHint.z
      value: 0
      objectReference: {fileID: 0}
    m_RemovedComponents: []
  m_SourcePrefab: {fileID: 100100000, guid: ce2ef175327e7b24ab95fd55a821e1ef, type: 3}
--- !u!1 &601624182
GameObject:
  m_ObjectHideFlags: 0
  m_CorrespondingSourceObject: {fileID: 0}
  m_PrefabInstance: {fileID: 0}
  m_PrefabAsset: {fileID: 0}
  serializedVersion: 6
  m_Component:
  - component: {fileID: 601624186}
  - component: {fileID: 601624185}
  - component: {fileID: 601624184}
  - component: {fileID: 601624183}
  - component: {fileID: 601624187}
  m_Layer: 0
  m_Name: ColliderLevel_14_15
  m_TagString: Untagged
  m_Icon: {fileID: 0}
  m_NavMeshLayer: 0
  m_StaticEditorFlags: 0
  m_IsActive: 1
--- !u!65 &601624183
BoxCollider:
  m_ObjectHideFlags: 0
  m_CorrespondingSourceObject: {fileID: 0}
  m_PrefabInstance: {fileID: 0}
  m_PrefabAsset: {fileID: 0}
  m_GameObject: {fileID: 601624182}
  m_Material: {fileID: 0}
  m_IsTrigger: 1
  m_Enabled: 1
  serializedVersion: 2
  m_Size: {x: 6.69, y: 4.59, z: 1}
  m_Center: {x: 0, y: 0, z: 0}
--- !u!23 &601624184
MeshRenderer:
  m_ObjectHideFlags: 0
  m_CorrespondingSourceObject: {fileID: 0}
  m_PrefabInstance: {fileID: 0}
  m_PrefabAsset: {fileID: 0}
  m_GameObject: {fileID: 601624182}
  m_Enabled: 0
  m_CastShadows: 1
  m_ReceiveShadows: 1
  m_DynamicOccludee: 1
  m_MotionVectors: 1
  m_LightProbeUsage: 1
  m_ReflectionProbeUsage: 1
  m_RayTracingMode: 2
  m_RenderingLayerMask: 1
  m_RendererPriority: 0
  m_Materials:
  - {fileID: 2100000, guid: 31321ba15b8f8eb4c954353edc038b1d, type: 2}
  m_StaticBatchInfo:
    firstSubMesh: 0
    subMeshCount: 0
  m_StaticBatchRoot: {fileID: 0}
  m_ProbeAnchor: {fileID: 0}
  m_LightProbeVolumeOverride: {fileID: 0}
  m_ScaleInLightmap: 1
  m_ReceiveGI: 1
  m_PreserveUVs: 0
  m_IgnoreNormalsForChartDetection: 0
  m_ImportantGI: 0
  m_StitchLightmapSeams: 1
  m_SelectedEditorRenderState: 3
  m_MinimumChartSize: 4
  m_AutoUVMaxDistance: 0.5
  m_AutoUVMaxAngle: 89
  m_LightmapParameters: {fileID: 0}
  m_SortingLayerID: 0
  m_SortingLayer: 0
  m_SortingOrder: 0
--- !u!33 &601624185
MeshFilter:
  m_ObjectHideFlags: 0
  m_CorrespondingSourceObject: {fileID: 0}
  m_PrefabInstance: {fileID: 0}
  m_PrefabAsset: {fileID: 0}
  m_GameObject: {fileID: 601624182}
  m_Mesh: {fileID: 10202, guid: 0000000000000000e000000000000000, type: 0}
--- !u!4 &601624186
Transform:
  m_ObjectHideFlags: 0
  m_CorrespondingSourceObject: {fileID: 0}
  m_PrefabInstance: {fileID: 0}
  m_PrefabAsset: {fileID: 0}
  m_GameObject: {fileID: 601624182}
  m_LocalRotation: {x: 0, y: 0.7071068, z: 0, w: 0.7071068}
  m_LocalPosition: {x: -45.01, y: 33.57, z: 1.15}
  m_LocalScale: {x: 1, y: 1, z: 1}
  m_Children:
  - {fileID: 480430321}
  m_Father: {fileID: 0}
  m_RootOrder: 10
  m_LocalEulerAnglesHint: {x: 0, y: 90, z: 0}
--- !u!114 &601624187
MonoBehaviour:
  m_ObjectHideFlags: 0
  m_CorrespondingSourceObject: {fileID: 0}
  m_PrefabInstance: {fileID: 0}
  m_PrefabAsset: {fileID: 0}
  m_GameObject: {fileID: 601624182}
  m_Enabled: 1
  m_EditorHideFlags: 0
  m_Script: {fileID: 11500000, guid: 7c0809ebc1a73f04cb04ccb6c005309a, type: 3}
  m_Name: 
  m_EditorClassIdentifier: 
  fadeIn_Out: {fileID: 230296937}
  sceneNumberToGo: 15
  thereIsConditions: 0
--- !u!1 &646482861
GameObject:
  m_ObjectHideFlags: 0
  m_CorrespondingSourceObject: {fileID: 0}
  m_PrefabInstance: {fileID: 0}
  m_PrefabAsset: {fileID: 0}
  serializedVersion: 6
  m_Component:
  - component: {fileID: 646482863}
  - component: {fileID: 646482862}
  m_Layer: 0
  m_Name: Spot Light
  m_TagString: Untagged
  m_Icon: {fileID: 0}
  m_NavMeshLayer: 0
  m_StaticEditorFlags: 0
  m_IsActive: 1
--- !u!108 &646482862
Light:
  m_ObjectHideFlags: 0
  m_CorrespondingSourceObject: {fileID: 0}
  m_PrefabInstance: {fileID: 0}
  m_PrefabAsset: {fileID: 0}
  m_GameObject: {fileID: 646482861}
  m_Enabled: 1
  serializedVersion: 10
  m_Type: 0
  m_Shape: 0
  m_Color: {r: 1, g: 1, b: 1, a: 1}
  m_Intensity: 50
  m_Range: 48.95
  m_SpotAngle: 70.10933
  m_InnerSpotAngle: 0
  m_CookieSize: 10
  m_Shadows:
    m_Type: 2
    m_Resolution: -1
    m_CustomResolution: -1
    m_Strength: 1
    m_Bias: 0.05
    m_NormalBias: 0.4
    m_NearPlane: 0.2
    m_CullingMatrixOverride:
      e00: 1
      e01: 0
      e02: 0
      e03: 0
      e10: 0
      e11: 1
      e12: 0
      e13: 0
      e20: 0
      e21: 0
      e22: 1
      e23: 0
      e30: 0
      e31: 0
      e32: 0
      e33: 1
    m_UseCullingMatrixOverride: 0
  m_Cookie: {fileID: 0}
  m_DrawHalo: 0
  m_Flare: {fileID: 0}
  m_RenderMode: 0
  m_CullingMask:
    serializedVersion: 2
    m_Bits: 4294967295
  m_RenderingLayerMask: 1
  m_Lightmapping: 2
  m_LightShadowCasterMode: 0
  m_AreaSize: {x: 1, y: 1}
  m_BounceIntensity: 1
  m_ColorTemperature: 6570
  m_UseColorTemperature: 0
  m_BoundingSphereOverride: {x: 9.35e-43, y: -4.3432542e+23, z: 9.35e-43, w: 10.4}
  m_UseBoundingSphereOverride: 0
  m_ShadowRadius: 0
  m_ShadowAngle: 0
--- !u!4 &646482863
Transform:
  m_ObjectHideFlags: 0
  m_CorrespondingSourceObject: {fileID: 0}
  m_PrefabInstance: {fileID: 0}
  m_PrefabAsset: {fileID: 0}
  m_GameObject: {fileID: 646482861}
  m_LocalRotation: {x: 0.7071068, y: 0, z: 0, w: 0.7071068}
  m_LocalPosition: {x: -19.038635, y: 74.71, z: 5.6}
  m_LocalScale: {x: 1, y: 1, z: 1}
  m_Children: []
  m_Father: {fileID: 0}
  m_RootOrder: 11
  m_LocalEulerAnglesHint: {x: 90, y: 0, z: 0}
--- !u!1 &1021875258 stripped
GameObject:
  m_CorrespondingSourceObject: {fileID: 7363993391292182764, guid: e3e02ed232219ab4da7617fd6df2654e,
    type: 3}
  m_PrefabInstance: {fileID: 230296936}
  m_PrefabAsset: {fileID: 0}
--- !u!1 &1074241345
GameObject:
  m_ObjectHideFlags: 0
  m_CorrespondingSourceObject: {fileID: 0}
  m_PrefabInstance: {fileID: 0}
  m_PrefabAsset: {fileID: 0}
  serializedVersion: 6
  m_Component:
  - component: {fileID: 1074241350}
  - component: {fileID: 1074241349}
  - component: {fileID: 1074241348}
  - component: {fileID: 1074241347}
  - component: {fileID: 1074241346}
  m_Layer: 0
  m_Name: ColliderLevel_14_13
  m_TagString: Untagged
  m_Icon: {fileID: 0}
  m_NavMeshLayer: 0
  m_StaticEditorFlags: 0
  m_IsActive: 1
--- !u!114 &1074241346
MonoBehaviour:
  m_ObjectHideFlags: 0
  m_CorrespondingSourceObject: {fileID: 0}
  m_PrefabInstance: {fileID: 0}
  m_PrefabAsset: {fileID: 0}
  m_GameObject: {fileID: 1074241345}
  m_Enabled: 1
  m_EditorHideFlags: 0
  m_Script: {fileID: 11500000, guid: 7c0809ebc1a73f04cb04ccb6c005309a, type: 3}
  m_Name: 
  m_EditorClassIdentifier: 
  fadeIn_Out: {fileID: 230296937}
  sceneNumberToGo: 13
  thereIsConditions: 0
--- !u!65 &1074241347
BoxCollider:
  m_ObjectHideFlags: 0
  m_CorrespondingSourceObject: {fileID: 0}
  m_PrefabInstance: {fileID: 0}
  m_PrefabAsset: {fileID: 0}
  m_GameObject: {fileID: 1074241345}
  m_Material: {fileID: 0}
  m_IsTrigger: 1
  m_Enabled: 1
  serializedVersion: 2
  m_Size: {x: 6.69, y: 4.59, z: 1}
  m_Center: {x: 0, y: 0, z: 0}
--- !u!23 &1074241348
MeshRenderer:
  m_ObjectHideFlags: 0
  m_CorrespondingSourceObject: {fileID: 0}
  m_PrefabInstance: {fileID: 0}
  m_PrefabAsset: {fileID: 0}
  m_GameObject: {fileID: 1074241345}
  m_Enabled: 0
  m_CastShadows: 1
  m_ReceiveShadows: 1
  m_DynamicOccludee: 1
  m_MotionVectors: 1
  m_LightProbeUsage: 1
  m_ReflectionProbeUsage: 1
  m_RayTracingMode: 2
  m_RenderingLayerMask: 1
  m_RendererPriority: 0
  m_Materials:
  - {fileID: 2100000, guid: 31321ba15b8f8eb4c954353edc038b1d, type: 2}
  m_StaticBatchInfo:
    firstSubMesh: 0
    subMeshCount: 0
  m_StaticBatchRoot: {fileID: 0}
  m_ProbeAnchor: {fileID: 0}
  m_LightProbeVolumeOverride: {fileID: 0}
  m_ScaleInLightmap: 1
  m_ReceiveGI: 1
  m_PreserveUVs: 0
  m_IgnoreNormalsForChartDetection: 0
  m_ImportantGI: 0
  m_StitchLightmapSeams: 1
  m_SelectedEditorRenderState: 3
  m_MinimumChartSize: 4
  m_AutoUVMaxDistance: 0.5
  m_AutoUVMaxAngle: 89
  m_LightmapParameters: {fileID: 0}
  m_SortingLayerID: 0
  m_SortingLayer: 0
  m_SortingOrder: 0
--- !u!33 &1074241349
MeshFilter:
  m_ObjectHideFlags: 0
  m_CorrespondingSourceObject: {fileID: 0}
  m_PrefabInstance: {fileID: 0}
  m_PrefabAsset: {fileID: 0}
  m_GameObject: {fileID: 1074241345}
  m_Mesh: {fileID: 10202, guid: 0000000000000000e000000000000000, type: 0}
--- !u!4 &1074241350
Transform:
  m_ObjectHideFlags: 0
  m_CorrespondingSourceObject: {fileID: 0}
  m_PrefabInstance: {fileID: 0}
  m_PrefabAsset: {fileID: 0}
  m_GameObject: {fileID: 1074241345}
  m_LocalRotation: {x: 0, y: -0.7071068, z: 0, w: 0.7071068}
  m_LocalPosition: {x: -7.4, y: 33.57, z: 1.15}
  m_LocalScale: {x: 1, y: 1, z: 1}
  m_Children:
  - {fileID: 1173612415}
  m_Father: {fileID: 0}
  m_RootOrder: 12
  m_LocalEulerAnglesHint: {x: 0, y: -90, z: 0}
--- !u!1001 &1090745815
PrefabInstance:
  m_ObjectHideFlags: 0
  serializedVersion: 2
  m_Modification:
    m_TransformParent: {fileID: 0}
    m_Modifications:
    - target: {fileID: 3689984900026706576, guid: 2e422d3596fda384398d46d2ca1d165c,
        type: 3}
      propertyPath: _speed
      value: 7.5
      objectReference: {fileID: 0}
    - target: {fileID: 5972605855141110688, guid: 2e422d3596fda384398d46d2ca1d165c,
        type: 3}
      propertyPath: m_LocalPosition.x
      value: -9.6
      objectReference: {fileID: 0}
    - target: {fileID: 5972605855141110688, guid: 2e422d3596fda384398d46d2ca1d165c,
        type: 3}
      propertyPath: m_LocalPosition.y
      value: 32.3
      objectReference: {fileID: 0}
    - target: {fileID: 5972605855141110688, guid: 2e422d3596fda384398d46d2ca1d165c,
        type: 3}
      propertyPath: m_LocalPosition.z
      value: 2.1
      objectReference: {fileID: 0}
    - target: {fileID: 5972605855141110688, guid: 2e422d3596fda384398d46d2ca1d165c,
        type: 3}
      propertyPath: m_LocalRotation.x
      value: 0
      objectReference: {fileID: 0}
    - target: {fileID: 5972605855141110688, guid: 2e422d3596fda384398d46d2ca1d165c,
        type: 3}
      propertyPath: m_LocalRotation.y
      value: -0.7071068
      objectReference: {fileID: 0}
    - target: {fileID: 5972605855141110688, guid: 2e422d3596fda384398d46d2ca1d165c,
        type: 3}
      propertyPath: m_LocalRotation.z
      value: 0
      objectReference: {fileID: 0}
    - target: {fileID: 5972605855141110688, guid: 2e422d3596fda384398d46d2ca1d165c,
        type: 3}
      propertyPath: m_LocalRotation.w
      value: 0.7071068
      objectReference: {fileID: 0}
    - target: {fileID: 5972605855141110688, guid: 2e422d3596fda384398d46d2ca1d165c,
        type: 3}
      propertyPath: m_RootOrder
      value: 4
      objectReference: {fileID: 0}
    - target: {fileID: 5972605855141110688, guid: 2e422d3596fda384398d46d2ca1d165c,
        type: 3}
      propertyPath: m_LocalEulerAnglesHint.x
      value: 0
      objectReference: {fileID: 0}
    - target: {fileID: 5972605855141110688, guid: 2e422d3596fda384398d46d2ca1d165c,
        type: 3}
      propertyPath: m_LocalEulerAnglesHint.y
      value: -90
      objectReference: {fileID: 0}
    - target: {fileID: 5972605855141110688, guid: 2e422d3596fda384398d46d2ca1d165c,
        type: 3}
      propertyPath: m_LocalEulerAnglesHint.z
      value: 0
      objectReference: {fileID: 0}
    - target: {fileID: 5972605855141110688, guid: 2e422d3596fda384398d46d2ca1d165c,
        type: 3}
      propertyPath: m_LocalScale.x
      value: 1
      objectReference: {fileID: 0}
    - target: {fileID: 5972605855141110688, guid: 2e422d3596fda384398d46d2ca1d165c,
        type: 3}
      propertyPath: m_LocalScale.y
      value: 1
      objectReference: {fileID: 0}
    - target: {fileID: 5972605855141110688, guid: 2e422d3596fda384398d46d2ca1d165c,
        type: 3}
      propertyPath: m_LocalScale.z
      value: 1
      objectReference: {fileID: 0}
    - target: {fileID: 5972605855141110690, guid: 2e422d3596fda384398d46d2ca1d165c,
        type: 3}
      propertyPath: batteryImages.Array.data[0]
      value: 
      objectReference: {fileID: 2122015917}
    - target: {fileID: 5972605855141110690, guid: 2e422d3596fda384398d46d2ca1d165c,
        type: 3}
      propertyPath: batteryImages.Array.data[1]
      value: 
      objectReference: {fileID: 378626105}
    - target: {fileID: 5972605855141110690, guid: 2e422d3596fda384398d46d2ca1d165c,
        type: 3}
      propertyPath: batteryImages.Array.data[2]
      value: 
      objectReference: {fileID: 1257150901}
    - target: {fileID: 5972605855141110690, guid: 2e422d3596fda384398d46d2ca1d165c,
        type: 3}
      propertyPath: batteryImages.Array.data[3]
      value: 
      objectReference: {fileID: 1638445708}
    - target: {fileID: 5972605855141110690, guid: 2e422d3596fda384398d46d2ca1d165c,
        type: 3}
      propertyPath: batteryImages.Array.data[4]
      value: 
      objectReference: {fileID: 508980260}
    - target: {fileID: 5972605855141110690, guid: 2e422d3596fda384398d46d2ca1d165c,
        type: 3}
      propertyPath: batteryImages.Array.data[5]
      value: 
      objectReference: {fileID: 1779944485}
    - target: {fileID: 5972605855141110690, guid: 2e422d3596fda384398d46d2ca1d165c,
        type: 3}
      propertyPath: batteryImages.Array.data[6]
      value: 
      objectReference: {fileID: 1021875258}
    - target: {fileID: 5972605855141110690, guid: 2e422d3596fda384398d46d2ca1d165c,
        type: 3}
      propertyPath: batteryImages.Array.data[7]
      value: 
      objectReference: {fileID: 1596959190}
    - target: {fileID: 5972605855141110690, guid: 2e422d3596fda384398d46d2ca1d165c,
        type: 3}
      propertyPath: batteryImages.Array.data[8]
      value: 
      objectReference: {fileID: 553754634}
    - target: {fileID: 5972605855141110690, guid: 2e422d3596fda384398d46d2ca1d165c,
        type: 3}
      propertyPath: batteryImages.Array.data[9]
      value: 
      objectReference: {fileID: 1635647614}
    - target: {fileID: 5972605855141110690, guid: 2e422d3596fda384398d46d2ca1d165c,
        type: 3}
      propertyPath: animator
      value: 
      objectReference: {fileID: 1127569043}
    - target: {fileID: 5972605855141110691, guid: 2e422d3596fda384398d46d2ca1d165c,
        type: 3}
      propertyPath: m_Name
      value: ECM_Character_TestPr02 Variant
      objectReference: {fileID: 0}
    m_RemovedComponents: []
  m_SourcePrefab: {fileID: 100100000, guid: 2e422d3596fda384398d46d2ca1d165c, type: 3}
--- !u!95 &1127569043 stripped
Animator:
  m_CorrespondingSourceObject: {fileID: 7363993392328664119, guid: e3e02ed232219ab4da7617fd6df2654e,
    type: 3}
  m_PrefabInstance: {fileID: 230296936}
  m_PrefabAsset: {fileID: 0}
--- !u!1 &1173612414
GameObject:
  m_ObjectHideFlags: 0
  m_CorrespondingSourceObject: {fileID: 0}
  m_PrefabInstance: {fileID: 0}
  m_PrefabAsset: {fileID: 0}
  serializedVersion: 6
  m_Component:
  - component: {fileID: 1173612415}
  m_Layer: 0
  m_Name: GameObject
  m_TagString: Doors
  m_Icon: {fileID: 0}
  m_NavMeshLayer: 0
  m_StaticEditorFlags: 0
  m_IsActive: 1
--- !u!4 &1173612415
Transform:
  m_ObjectHideFlags: 0
  m_CorrespondingSourceObject: {fileID: 0}
  m_PrefabInstance: {fileID: 0}
  m_PrefabAsset: {fileID: 0}
  m_GameObject: {fileID: 1173612414}
  m_LocalRotation: {x: 0, y: 0, z: 0, w: 1}
  m_LocalPosition: {x: 0, y: 0, z: 4}
  m_LocalScale: {x: 1, y: 1, z: 1}
  m_Children: []
  m_Father: {fileID: 1074241350}
  m_RootOrder: 0
  m_LocalEulerAnglesHint: {x: 0, y: 0, z: 0}
--- !u!1 &1257150901 stripped
GameObject:
  m_CorrespondingSourceObject: {fileID: 7363993391645246521, guid: e3e02ed232219ab4da7617fd6df2654e,
    type: 3}
  m_PrefabInstance: {fileID: 230296936}
  m_PrefabAsset: {fileID: 0}
--- !u!1 &1274557411
GameObject:
  m_ObjectHideFlags: 0
  m_CorrespondingSourceObject: {fileID: 0}
  m_PrefabInstance: {fileID: 0}
  m_PrefabAsset: {fileID: 0}
  serializedVersion: 6
  m_Component:
  - component: {fileID: 1274557414}
  - component: {fileID: 1274557413}
  - component: {fileID: 1274557412}
  m_Layer: 0
  m_Name: EventSystem
  m_TagString: Untagged
  m_Icon: {fileID: 0}
  m_NavMeshLayer: 0
  m_StaticEditorFlags: 0
  m_IsActive: 1
--- !u!114 &1274557412
MonoBehaviour:
  m_ObjectHideFlags: 0
  m_CorrespondingSourceObject: {fileID: 0}
  m_PrefabInstance: {fileID: 0}
  m_PrefabAsset: {fileID: 0}
  m_GameObject: {fileID: 1274557411}
  m_Enabled: 1
  m_EditorHideFlags: 0
  m_Script: {fileID: 11500000, guid: 4f231c4fb786f3946a6b90b886c48677, type: 3}
  m_Name: 
  m_EditorClassIdentifier: 
  m_HorizontalAxis: Horizontal
  m_VerticalAxis: Vertical
  m_SubmitButton: Submit
  m_CancelButton: Cancel
  m_InputActionsPerSecond: 10
  m_RepeatDelay: 0.5
  m_ForceModuleActive: 0
--- !u!114 &1274557413
MonoBehaviour:
  m_ObjectHideFlags: 0
  m_CorrespondingSourceObject: {fileID: 0}
  m_PrefabInstance: {fileID: 0}
  m_PrefabAsset: {fileID: 0}
  m_GameObject: {fileID: 1274557411}
  m_Enabled: 1
  m_EditorHideFlags: 0
  m_Script: {fileID: 11500000, guid: 76c392e42b5098c458856cdf6ecaaaa1, type: 3}
  m_Name: 
  m_EditorClassIdentifier: 
  m_FirstSelected: {fileID: 0}
  m_sendNavigationEvents: 1
  m_DragThreshold: 10
--- !u!4 &1274557414
Transform:
  m_ObjectHideFlags: 0
  m_CorrespondingSourceObject: {fileID: 0}
  m_PrefabInstance: {fileID: 0}
  m_PrefabAsset: {fileID: 0}
  m_GameObject: {fileID: 1274557411}
  m_LocalRotation: {x: 0, y: 0, z: 0, w: 1}
  m_LocalPosition: {x: 0, y: 0, z: 0}
  m_LocalScale: {x: 1, y: 1, z: 1}
  m_Children: []
  m_Father: {fileID: 0}
  m_RootOrder: 13
  m_LocalEulerAnglesHint: {x: 0, y: 0, z: 0}
--- !u!1 &1596959190 stripped
GameObject:
  m_CorrespondingSourceObject: {fileID: 7363993392085937825, guid: e3e02ed232219ab4da7617fd6df2654e,
    type: 3}
  m_PrefabInstance: {fileID: 230296936}
  m_PrefabAsset: {fileID: 0}
--- !u!1 &1635647614 stripped
GameObject:
  m_CorrespondingSourceObject: {fileID: 7363993391646854842, guid: e3e02ed232219ab4da7617fd6df2654e,
    type: 3}
  m_PrefabInstance: {fileID: 230296936}
  m_PrefabAsset: {fileID: 0}
--- !u!1 &1638445708 stripped
GameObject:
  m_CorrespondingSourceObject: {fileID: 7363993391630467854, guid: e3e02ed232219ab4da7617fd6df2654e,
    type: 3}
  m_PrefabInstance: {fileID: 230296936}
  m_PrefabAsset: {fileID: 0}
--- !u!1001 &1675945849
PrefabInstance:
  m_ObjectHideFlags: 0
  serializedVersion: 2
  m_Modification:
    m_TransformParent: {fileID: 0}
    m_Modifications:
    - target: {fileID: 6966905155628930076, guid: 94057b15cd9c0bd48a0e0173698596a5,
        type: 3}
      propertyPath: m_LocalPosition.x
      value: 0
      objectReference: {fileID: 0}
    - target: {fileID: 6966905155628930076, guid: 94057b15cd9c0bd48a0e0173698596a5,
        type: 3}
      propertyPath: m_LocalPosition.y
      value: 0
      objectReference: {fileID: 0}
    - target: {fileID: 6966905155628930076, guid: 94057b15cd9c0bd48a0e0173698596a5,
        type: 3}
      propertyPath: m_LocalPosition.z
      value: 0
      objectReference: {fileID: 0}
    - target: {fileID: 6966905155628930076, guid: 94057b15cd9c0bd48a0e0173698596a5,
        type: 3}
      propertyPath: m_LocalRotation.x
      value: 0
      objectReference: {fileID: 0}
    - target: {fileID: 6966905155628930076, guid: 94057b15cd9c0bd48a0e0173698596a5,
        type: 3}
      propertyPath: m_LocalRotation.y
      value: 0
      objectReference: {fileID: 0}
    - target: {fileID: 6966905155628930076, guid: 94057b15cd9c0bd48a0e0173698596a5,
        type: 3}
      propertyPath: m_LocalRotation.z
      value: 0
      objectReference: {fileID: 0}
    - target: {fileID: 6966905155628930076, guid: 94057b15cd9c0bd48a0e0173698596a5,
        type: 3}
      propertyPath: m_LocalRotation.w
      value: 1
      objectReference: {fileID: 0}
    - target: {fileID: 6966905155628930076, guid: 94057b15cd9c0bd48a0e0173698596a5,
        type: 3}
      propertyPath: m_RootOrder
      value: 5
      objectReference: {fileID: 0}
    - target: {fileID: 6966905155628930076, guid: 94057b15cd9c0bd48a0e0173698596a5,
        type: 3}
      propertyPath: m_LocalEulerAnglesHint.x
      value: 0
      objectReference: {fileID: 0}
    - target: {fileID: 6966905155628930076, guid: 94057b15cd9c0bd48a0e0173698596a5,
        type: 3}
      propertyPath: m_LocalEulerAnglesHint.y
      value: 0
      objectReference: {fileID: 0}
    - target: {fileID: 6966905155628930076, guid: 94057b15cd9c0bd48a0e0173698596a5,
        type: 3}
      propertyPath: m_LocalEulerAnglesHint.z
      value: 0
      objectReference: {fileID: 0}
    - target: {fileID: 6966905155628930076, guid: 94057b15cd9c0bd48a0e0173698596a5,
        type: 3}
      propertyPath: m_AnchoredPosition.x
      value: 0
      objectReference: {fileID: 0}
    - target: {fileID: 6966905155628930076, guid: 94057b15cd9c0bd48a0e0173698596a5,
        type: 3}
      propertyPath: m_AnchoredPosition.y
      value: 0
      objectReference: {fileID: 0}
    - target: {fileID: 6966905155628930076, guid: 94057b15cd9c0bd48a0e0173698596a5,
        type: 3}
      propertyPath: m_SizeDelta.x
      value: 0
      objectReference: {fileID: 0}
    - target: {fileID: 6966905155628930076, guid: 94057b15cd9c0bd48a0e0173698596a5,
        type: 3}
      propertyPath: m_SizeDelta.y
      value: 0
      objectReference: {fileID: 0}
    - target: {fileID: 6966905155628930076, guid: 94057b15cd9c0bd48a0e0173698596a5,
        type: 3}
      propertyPath: m_AnchorMin.x
      value: 0
      objectReference: {fileID: 0}
    - target: {fileID: 6966905155628930076, guid: 94057b15cd9c0bd48a0e0173698596a5,
        type: 3}
      propertyPath: m_AnchorMin.y
      value: 0
      objectReference: {fileID: 0}
    - target: {fileID: 6966905155628930076, guid: 94057b15cd9c0bd48a0e0173698596a5,
        type: 3}
      propertyPath: m_AnchorMax.x
      value: 0
      objectReference: {fileID: 0}
    - target: {fileID: 6966905155628930076, guid: 94057b15cd9c0bd48a0e0173698596a5,
        type: 3}
      propertyPath: m_AnchorMax.y
      value: 0
      objectReference: {fileID: 0}
    - target: {fileID: 6966905155628930076, guid: 94057b15cd9c0bd48a0e0173698596a5,
        type: 3}
      propertyPath: m_Pivot.x
      value: 0
      objectReference: {fileID: 0}
    - target: {fileID: 6966905155628930076, guid: 94057b15cd9c0bd48a0e0173698596a5,
        type: 3}
      propertyPath: m_Pivot.y
      value: 0
      objectReference: {fileID: 0}
    - target: {fileID: 6966905155628930144, guid: 94057b15cd9c0bd48a0e0173698596a5,
        type: 3}
      propertyPath: m_Name
      value: PauseMenuCanvas
      objectReference: {fileID: 0}
    m_RemovedComponents: []
  m_SourcePrefab: {fileID: 100100000, guid: 94057b15cd9c0bd48a0e0173698596a5, type: 3}
--- !u!1001 &1746037402
PrefabInstance:
  m_ObjectHideFlags: 0
  serializedVersion: 2
  m_Modification:
    m_TransformParent: {fileID: 0}
    m_Modifications:
    - target: {fileID: 2505778031296556654, guid: 2167b381f2f845042af56d02e8690986,
        type: 3}
      propertyPath: m_LocalPosition.z
      value: -4.008
      objectReference: {fileID: 0}
    - target: {fileID: 2506438804242743900, guid: 2167b381f2f845042af56d02e8690986,
        type: 3}
      propertyPath: m_LocalPosition.z
      value: -29.31
      objectReference: {fileID: 0}
    - target: {fileID: 2506438804242743900, guid: 2167b381f2f845042af56d02e8690986,
        type: 3}
      propertyPath: m_LocalPosition.y
      value: -41.5
      objectReference: {fileID: 0}
    - target: {fileID: 2506438804456673456, guid: 2167b381f2f845042af56d02e8690986,
        type: 3}
      propertyPath: m_LocalPosition.x
      value: -35.92
      objectReference: {fileID: 0}
    - target: {fileID: 2506438804655482032, guid: 2167b381f2f845042af56d02e8690986,
        type: 3}
      propertyPath: m_LocalPosition.x
      value: -135.7
      objectReference: {fileID: 0}
    - target: {fileID: 2506438804655482032, guid: 2167b381f2f845042af56d02e8690986,
        type: 3}
      propertyPath: m_LocalPosition.y
      value: 127.92
      objectReference: {fileID: 0}
    - target: {fileID: 2506438804655482032, guid: 2167b381f2f845042af56d02e8690986,
        type: 3}
      propertyPath: m_LocalPosition.z
      value: -71.614
      objectReference: {fileID: 0}
    - target: {fileID: 2506438804655482032, guid: 2167b381f2f845042af56d02e8690986,
        type: 3}
      propertyPath: m_LocalRotation.x
      value: 0
      objectReference: {fileID: 0}
    - target: {fileID: 2506438804655482032, guid: 2167b381f2f845042af56d02e8690986,
        type: 3}
      propertyPath: m_LocalRotation.y
      value: 1
      objectReference: {fileID: 0}
    - target: {fileID: 2506438804655482032, guid: 2167b381f2f845042af56d02e8690986,
        type: 3}
      propertyPath: m_LocalRotation.z
      value: 0
      objectReference: {fileID: 0}
    - target: {fileID: 2506438804655482032, guid: 2167b381f2f845042af56d02e8690986,
        type: 3}
      propertyPath: m_LocalRotation.w
      value: 0
      objectReference: {fileID: 0}
    - target: {fileID: 2506438804655482032, guid: 2167b381f2f845042af56d02e8690986,
        type: 3}
      propertyPath: m_RootOrder
      value: 2
      objectReference: {fileID: 0}
    - target: {fileID: 2506438804655482032, guid: 2167b381f2f845042af56d02e8690986,
        type: 3}
      propertyPath: m_LocalEulerAnglesHint.x
      value: 0
      objectReference: {fileID: 0}
    - target: {fileID: 2506438804655482032, guid: 2167b381f2f845042af56d02e8690986,
        type: 3}
      propertyPath: m_LocalEulerAnglesHint.y
      value: 180
      objectReference: {fileID: 0}
    - target: {fileID: 2506438804655482032, guid: 2167b381f2f845042af56d02e8690986,
        type: 3}
      propertyPath: m_LocalEulerAnglesHint.z
      value: 0
      objectReference: {fileID: 0}
    - target: {fileID: 2506438804655482032, guid: 2167b381f2f845042af56d02e8690986,
        type: 3}
      propertyPath: m_LocalScale.x
      value: 2.550719
      objectReference: {fileID: 0}
    - target: {fileID: 2506438804655482032, guid: 2167b381f2f845042af56d02e8690986,
        type: 3}
      propertyPath: m_LocalScale.y
      value: 2.550719
      objectReference: {fileID: 0}
    - target: {fileID: 2506438804655482032, guid: 2167b381f2f845042af56d02e8690986,
        type: 3}
      propertyPath: m_LocalScale.z
      value: 2.550719
      objectReference: {fileID: 0}
    - target: {fileID: 2506438804655482033, guid: 2167b381f2f845042af56d02e8690986,
        type: 3}
      propertyPath: m_Name
      value: Room 17
      objectReference: {fileID: 0}
    - target: {fileID: 2510775411416820230, guid: 2167b381f2f845042af56d02e8690986,
        type: 3}
      propertyPath: m_LocalPosition.y
      value: -11.68
      objectReference: {fileID: 0}
    - target: {fileID: 2510775411416820230, guid: 2167b381f2f845042af56d02e8690986,
        type: 3}
      propertyPath: m_LocalPosition.x
      value: 0.05
      objectReference: {fileID: 0}
    - target: {fileID: 2510873497622306887, guid: 2167b381f2f845042af56d02e8690986,
        type: 3}
      propertyPath: m_LocalPosition.y
      value: -35.11
      objectReference: {fileID: 0}
    - target: {fileID: 2510873497622306887, guid: 2167b381f2f845042af56d02e8690986,
        type: 3}
      propertyPath: m_LocalPosition.x
      value: -54.71
      objectReference: {fileID: 0}
    - target: {fileID: 2510873497622306887, guid: 2167b381f2f845042af56d02e8690986,
        type: 3}
      propertyPath: m_LocalPosition.z
      value: -29.4
      objectReference: {fileID: 0}
    - target: {fileID: 2511224183807883037, guid: 2167b381f2f845042af56d02e8690986,
        type: 3}
      propertyPath: m_LocalPosition.z
      value: -37.63654
      objectReference: {fileID: 0}
    - target: {fileID: 2511224183807883037, guid: 2167b381f2f845042af56d02e8690986,
        type: 3}
      propertyPath: m_LocalRotation.y
      value: 0
      objectReference: {fileID: 0}
    - target: {fileID: 2511224183807883037, guid: 2167b381f2f845042af56d02e8690986,
        type: 3}
      propertyPath: m_LocalRotation.w
      value: 1
      objectReference: {fileID: 0}
    - target: {fileID: 2511224183807883037, guid: 2167b381f2f845042af56d02e8690986,
        type: 3}
      propertyPath: m_LocalPosition.x
      value: -46.83
      objectReference: {fileID: 0}
    - target: {fileID: 2511224183807883037, guid: 2167b381f2f845042af56d02e8690986,
        type: 3}
      propertyPath: m_LocalEulerAnglesHint.y
      value: 0
      objectReference: {fileID: 0}
    - target: {fileID: 2511224183807883037, guid: 2167b381f2f845042af56d02e8690986,
        type: 3}
      propertyPath: m_LocalRotation.x
      value: 0
      objectReference: {fileID: 0}
    - target: {fileID: 2511224183807883037, guid: 2167b381f2f845042af56d02e8690986,
        type: 3}
      propertyPath: m_LocalRotation.z
      value: 0
      objectReference: {fileID: 0}
    - target: {fileID: 2511224183865912324, guid: 2167b381f2f845042af56d02e8690986,
        type: 3}
      propertyPath: m_LocalPosition.z
      value: -37.63654
      objectReference: {fileID: 0}
    - target: {fileID: 2511224183865912324, guid: 2167b381f2f845042af56d02e8690986,
        type: 3}
      propertyPath: m_LocalRotation.y
      value: 0
      objectReference: {fileID: 0}
    - target: {fileID: 2511224183865912324, guid: 2167b381f2f845042af56d02e8690986,
        type: 3}
      propertyPath: m_LocalRotation.w
      value: 1
      objectReference: {fileID: 0}
    - target: {fileID: 2511224183865912324, guid: 2167b381f2f845042af56d02e8690986,
        type: 3}
      propertyPath: m_LocalPosition.x
      value: -46.83
      objectReference: {fileID: 0}
    - target: {fileID: 2511224183865912324, guid: 2167b381f2f845042af56d02e8690986,
        type: 3}
      propertyPath: m_LocalEulerAnglesHint.y
      value: 0
      objectReference: {fileID: 0}
    - target: {fileID: 2511224183865912324, guid: 2167b381f2f845042af56d02e8690986,
        type: 3}
      propertyPath: m_LocalRotation.x
      value: 0
      objectReference: {fileID: 0}
    - target: {fileID: 2511224183865912324, guid: 2167b381f2f845042af56d02e8690986,
        type: 3}
      propertyPath: m_LocalRotation.z
      value: 0
      objectReference: {fileID: 0}
    - target: {fileID: 2511224183915247808, guid: 2167b381f2f845042af56d02e8690986,
        type: 3}
      propertyPath: m_LocalPosition.z
      value: -37.68989
      objectReference: {fileID: 0}
    - target: {fileID: 2511224183915247808, guid: 2167b381f2f845042af56d02e8690986,
        type: 3}
      propertyPath: m_LocalRotation.y
      value: 0
      objectReference: {fileID: 0}
    - target: {fileID: 2511224183915247808, guid: 2167b381f2f845042af56d02e8690986,
        type: 3}
      propertyPath: m_LocalRotation.w
      value: 1
      objectReference: {fileID: 0}
    - target: {fileID: 2511224183915247808, guid: 2167b381f2f845042af56d02e8690986,
        type: 3}
      propertyPath: m_LocalPosition.x
      value: -41.83
      objectReference: {fileID: 0}
    - target: {fileID: 2511224183915247808, guid: 2167b381f2f845042af56d02e8690986,
        type: 3}
      propertyPath: m_LocalEulerAnglesHint.y
      value: 0
      objectReference: {fileID: 0}
    - target: {fileID: 2511224183915247808, guid: 2167b381f2f845042af56d02e8690986,
        type: 3}
      propertyPath: m_LocalRotation.x
      value: 0
      objectReference: {fileID: 0}
    - target: {fileID: 2511224183915247808, guid: 2167b381f2f845042af56d02e8690986,
        type: 3}
      propertyPath: m_LocalRotation.z
      value: 0
      objectReference: {fileID: 0}
    - target: {fileID: 2511224184865112225, guid: 2167b381f2f845042af56d02e8690986,
        type: 3}
      propertyPath: m_LocalPosition.z
      value: -37.74331
      objectReference: {fileID: 0}
    - target: {fileID: 2511224184865112225, guid: 2167b381f2f845042af56d02e8690986,
        type: 3}
      propertyPath: m_LocalRotation.y
      value: 0
      objectReference: {fileID: 0}
    - target: {fileID: 2511224184865112225, guid: 2167b381f2f845042af56d02e8690986,
        type: 3}
      propertyPath: m_LocalRotation.w
      value: 1
      objectReference: {fileID: 0}
    - target: {fileID: 2511224184865112225, guid: 2167b381f2f845042af56d02e8690986,
        type: 3}
      propertyPath: m_LocalPosition.x
      value: -36.83
      objectReference: {fileID: 0}
    - target: {fileID: 2511224184865112225, guid: 2167b381f2f845042af56d02e8690986,
        type: 3}
      propertyPath: m_LocalEulerAnglesHint.y
      value: 0
      objectReference: {fileID: 0}
    - target: {fileID: 2511224184865112225, guid: 2167b381f2f845042af56d02e8690986,
        type: 3}
      propertyPath: m_LocalRotation.x
      value: 0
      objectReference: {fileID: 0}
    - target: {fileID: 2511224184865112225, guid: 2167b381f2f845042af56d02e8690986,
        type: 3}
      propertyPath: m_LocalRotation.z
      value: 0
      objectReference: {fileID: 0}
    - target: {fileID: 2511224184941344709, guid: 2167b381f2f845042af56d02e8690986,
        type: 3}
      propertyPath: m_LocalPosition.z
      value: -37.68989
      objectReference: {fileID: 0}
    - target: {fileID: 2511224184941344709, guid: 2167b381f2f845042af56d02e8690986,
        type: 3}
      propertyPath: m_LocalRotation.y
      value: 0
      objectReference: {fileID: 0}
    - target: {fileID: 2511224184941344709, guid: 2167b381f2f845042af56d02e8690986,
        type: 3}
      propertyPath: m_LocalRotation.w
      value: 1
      objectReference: {fileID: 0}
    - target: {fileID: 2511224184941344709, guid: 2167b381f2f845042af56d02e8690986,
        type: 3}
      propertyPath: m_LocalPosition.x
      value: -41.83
      objectReference: {fileID: 0}
    - target: {fileID: 2511224184941344709, guid: 2167b381f2f845042af56d02e8690986,
        type: 3}
      propertyPath: m_LocalEulerAnglesHint.y
      value: 0
      objectReference: {fileID: 0}
    - target: {fileID: 2511224184941344709, guid: 2167b381f2f845042af56d02e8690986,
        type: 3}
      propertyPath: m_LocalRotation.x
      value: 0
      objectReference: {fileID: 0}
    - target: {fileID: 2511224184941344709, guid: 2167b381f2f845042af56d02e8690986,
        type: 3}
      propertyPath: m_LocalRotation.z
      value: 0
      objectReference: {fileID: 0}
    - target: {fileID: 2511224185164408363, guid: 2167b381f2f845042af56d02e8690986,
        type: 3}
      propertyPath: m_LocalPosition.z
      value: -37.74331
      objectReference: {fileID: 0}
    - target: {fileID: 2511224185164408363, guid: 2167b381f2f845042af56d02e8690986,
        type: 3}
      propertyPath: m_LocalRotation.y
      value: 0
      objectReference: {fileID: 0}
    - target: {fileID: 2511224185164408363, guid: 2167b381f2f845042af56d02e8690986,
        type: 3}
      propertyPath: m_LocalRotation.w
      value: 1
      objectReference: {fileID: 0}
    - target: {fileID: 2511224185164408363, guid: 2167b381f2f845042af56d02e8690986,
        type: 3}
      propertyPath: m_LocalPosition.x
      value: -36.83
      objectReference: {fileID: 0}
    - target: {fileID: 2511224185164408363, guid: 2167b381f2f845042af56d02e8690986,
        type: 3}
      propertyPath: m_LocalEulerAnglesHint.y
      value: 0
      objectReference: {fileID: 0}
    - target: {fileID: 2511224185164408363, guid: 2167b381f2f845042af56d02e8690986,
        type: 3}
      propertyPath: m_LocalRotation.x
      value: 0
      objectReference: {fileID: 0}
    - target: {fileID: 2511224185164408363, guid: 2167b381f2f845042af56d02e8690986,
        type: 3}
      propertyPath: m_LocalRotation.z
      value: 0
      objectReference: {fileID: 0}
    - target: {fileID: 2535310258673547140, guid: 2167b381f2f845042af56d02e8690986,
        type: 3}
      propertyPath: m_Enabled
      value: 0
      objectReference: {fileID: 0}
    m_RemovedComponents: []
  m_SourcePrefab: {fileID: 100100000, guid: 2167b381f2f845042af56d02e8690986, type: 3}
--- !u!1 &1779944485 stripped
GameObject:
  m_CorrespondingSourceObject: {fileID: 7363993392561835681, guid: e3e02ed232219ab4da7617fd6df2654e,
    type: 3}
  m_PrefabInstance: {fileID: 230296936}
  m_PrefabAsset: {fileID: 0}
--- !u!1001 &1895800964
PrefabInstance:
  m_ObjectHideFlags: 0
  serializedVersion: 2
  m_Modification:
    m_TransformParent: {fileID: 0}
    m_Modifications:
    - target: {fileID: 5440545014901607543, guid: d21693b64600c7f49873d2790f01c5b4,
        type: 3}
      propertyPath: m_Name
      value: Main Camera
      objectReference: {fileID: 0}
    - target: {fileID: 5440545014901607546, guid: d21693b64600c7f49873d2790f01c5b4,
        type: 3}
      propertyPath: m_LocalPosition.x
      value: -113.77
      objectReference: {fileID: 0}
    - target: {fileID: 5440545014901607546, guid: d21693b64600c7f49873d2790f01c5b4,
        type: 3}
      propertyPath: m_LocalPosition.y
      value: 92.7
      objectReference: {fileID: 0}
    - target: {fileID: 5440545014901607546, guid: d21693b64600c7f49873d2790f01c5b4,
        type: 3}
      propertyPath: m_LocalPosition.z
      value: -89.3
      objectReference: {fileID: 0}
    - target: {fileID: 5440545014901607546, guid: d21693b64600c7f49873d2790f01c5b4,
        type: 3}
      propertyPath: m_LocalRotation.x
      value: 0.18882467
      objectReference: {fileID: 0}
    - target: {fileID: 5440545014901607546, guid: d21693b64600c7f49873d2790f01c5b4,
        type: 3}
      propertyPath: m_LocalRotation.y
      value: 0.40142882
      objectReference: {fileID: 0}
    - target: {fileID: 5440545014901607546, guid: d21693b64600c7f49873d2790f01c5b4,
        type: 3}
      propertyPath: m_LocalRotation.z
      value: -0.08496024
      objectReference: {fileID: 0}
    - target: {fileID: 5440545014901607546, guid: d21693b64600c7f49873d2790f01c5b4,
        type: 3}
      propertyPath: m_LocalRotation.w
      value: 0.8921781
      objectReference: {fileID: 0}
    - target: {fileID: 5440545014901607546, guid: d21693b64600c7f49873d2790f01c5b4,
        type: 3}
      propertyPath: m_RootOrder
      value: 3
      objectReference: {fileID: 0}
    - target: {fileID: 5440545014901607546, guid: d21693b64600c7f49873d2790f01c5b4,
        type: 3}
      propertyPath: m_LocalEulerAnglesHint.x
      value: 23.9
      objectReference: {fileID: 0}
    - target: {fileID: 5440545014901607546, guid: d21693b64600c7f49873d2790f01c5b4,
        type: 3}
      propertyPath: m_LocalEulerAnglesHint.y
      value: 48.45
      objectReference: {fileID: 0}
    - target: {fileID: 5440545014901607546, guid: d21693b64600c7f49873d2790f01c5b4,
        type: 3}
      propertyPath: m_LocalEulerAnglesHint.z
      value: 0
      objectReference: {fileID: 0}
    - target: {fileID: 5440545014901607547, guid: d21693b64600c7f49873d2790f01c5b4,
        type: 3}
      propertyPath: orthographic size
      value: 16.8
      objectReference: {fileID: 0}
    - target: {fileID: 5440545014901607549, guid: d21693b64600c7f49873d2790f01c5b4,
        type: 3}
      propertyPath: target
      value: 
      objectReference: {fileID: 68226049}
    m_RemovedComponents: []
  m_SourcePrefab: {fileID: 100100000, guid: d21693b64600c7f49873d2790f01c5b4, type: 3}
--- !u!1 &2122015917 stripped
GameObject:
  m_CorrespondingSourceObject: {fileID: 7363993392338010346, guid: e3e02ed232219ab4da7617fd6df2654e,
    type: 3}
  m_PrefabInstance: {fileID: 230296936}
  m_PrefabAsset: {fileID: 0}
--- !u!1001 &3660266971241252224
PrefabInstance:
  m_ObjectHideFlags: 0
  serializedVersion: 2
  m_Modification:
    m_TransformParent: {fileID: 0}
    m_Modifications:
    - target: {fileID: 3660266971316005487, guid: 2af3b56cb9f2b544ca3f55665f58cca0,
        type: 3}
      propertyPath: m_Name
      value: Rotate (1)
      objectReference: {fileID: 0}
    - target: {fileID: 3660266971316005489, guid: 2af3b56cb9f2b544ca3f55665f58cca0,
        type: 3}
      propertyPath: m_LocalPosition.x
      value: -29.2
      objectReference: {fileID: 0}
    - target: {fileID: 3660266971316005489, guid: 2af3b56cb9f2b544ca3f55665f58cca0,
        type: 3}
      propertyPath: m_LocalPosition.y
      value: 30.14
      objectReference: {fileID: 0}
    - target: {fileID: 3660266971316005489, guid: 2af3b56cb9f2b544ca3f55665f58cca0,
        type: 3}
      propertyPath: m_LocalPosition.z
      value: 2
      objectReference: {fileID: 0}
    - target: {fileID: 3660266971316005489, guid: 2af3b56cb9f2b544ca3f55665f58cca0,
        type: 3}
      propertyPath: m_LocalRotation.x
      value: 0.24930939
      objectReference: {fileID: 0}
    - target: {fileID: 3660266971316005489, guid: 2af3b56cb9f2b544ca3f55665f58cca0,
        type: 3}
      propertyPath: m_LocalRotation.y
      value: 0.6616985
      objectReference: {fileID: 0}
    - target: {fileID: 3660266971316005489, guid: 2af3b56cb9f2b544ca3f55665f58cca0,
        type: 3}
      propertyPath: m_LocalRotation.z
      value: -0.66169846
      objectReference: {fileID: 0}
    - target: {fileID: 3660266971316005489, guid: 2af3b56cb9f2b544ca3f55665f58cca0,
        type: 3}
      propertyPath: m_LocalRotation.w
      value: 0.24930938
      objectReference: {fileID: 0}
    - target: {fileID: 3660266971316005489, guid: 2af3b56cb9f2b544ca3f55665f58cca0,
        type: 3}
      propertyPath: m_RootOrder
      value: 1
      objectReference: {fileID: 0}
    - target: {fileID: 3660266971316005489, guid: 2af3b56cb9f2b544ca3f55665f58cca0,
        type: 3}
      propertyPath: m_LocalEulerAnglesHint.x
      value: 90.00001
      objectReference: {fileID: 0}
    - target: {fileID: 3660266971316005489, guid: 2af3b56cb9f2b544ca3f55665f58cca0,
        type: 3}
      propertyPath: m_LocalEulerAnglesHint.y
      value: 0
      objectReference: {fileID: 0}
    - target: {fileID: 3660266971316005489, guid: 2af3b56cb9f2b544ca3f55665f58cca0,
        type: 3}
      propertyPath: m_LocalEulerAnglesHint.z
      value: -138.71
      objectReference: {fileID: 0}
    m_RemovedComponents: []
  m_SourcePrefab: {fileID: 100100000, guid: 2af3b56cb9f2b544ca3f55665f58cca0, type: 3}
